 Dungeon Crawl Stone Soup version 0.31-a0-726-g3c93526463 (webtiles) character file.

Game seed: 1428450208896470835

530 Ordine the Ruffian (level 7, -6/46 HPs)
             Began as an Octopode Shapeshifter on Sept 11, 2023.
             Was an Initiate of Dithmenos.
             Killed by nerve-wracking pain
             ... invoked by an orc priest
              (12 damage)
             ... on level 5 of the Dungeon.
             The game lasted 00:05:15 (3464 turns).

Ordine the Ruffian (Octopode Shapeshifter)          Turns: 3464, Time: 00:05:16

Health: -6/46      AC:  1    Str: 28    XL:     7   Next: 24%
Magic:  16/16      EV: 13    Int: 12    God:    Dithmenos [......]
Gold:   93         SH:  0    Dex: 11    Spells: 6/6 levels left

rFire   . .          .
                       - Unarmed
rCold   . . .        (no shield)
rNeg    . . .        (helmet currently unavailable)
rPois   .            (no amulet)
rElec   .            j - +6 ring of strength
rCorr   .            g - ring of magical power
SInv    .            s - +6 ring of strength
Will    .....        (no ring)
Stlth   +++          (no ring)
HPRegen 0.27/turn    (no ring)
MPRegen 0.15/turn    (no ring)
                     (no ring)

%: no passive effects
@: lethally poisoned (-6 -> -24), beast-form
A: beast (slay +2), almost no armour, amphibious, 8 rings, camouflage 1,
gelatinous body 1, (nimble swimmer 1), tentacles
a: Begin Untransformation, Renounce Religion


You were on level 5 of the Dungeon.
You worshipped Dithmenos.
Dithmenos was noncommittal.
You were a hulking beast.
You visited 1 branch of the dungeon, and saw 5 of its levels.

You collected 93 gold pieces.

Inventory:

Jewellery
 g - a ring of magical power (right tentacle)
 j - a +6 ring of strength (left tentacle)
 s - a +6 ring of strength (on tentacle)
Talismans
 b - a beast talisman (active)
 c - a flux talisman
Wands
 o - a wand of digging (5)
Scrolls
 d - a scroll of immolation {unknown}
 e - a scroll of amnesia {unknown}
 f - 6 scrolls of teleportation {unknown}
 h - a scroll of enchant armour {unknown}
 k - a scroll of revelation {unknown}
 m - 4 scrolls of identify {unknown}
 n - 2 scrolls of enchant weapon {unknown}
Potions
 a - a potion of lignification
 l - 2 potions of mutation {unknown}
 p - 2 potions of resistance {unknown}
 q - a potion of degeneration {unknown}
 r - 2 potions of might {unknown}
 t - a potion of heal wounds {unknown}


   Skills:
 + Level 3.0 Fighting
 + Level 3.6 Dodging
 + Level 4.0 Stealth
 * Level 5.2 Unarmed Combat
 + Level 4.0 Shapeshifting


You had 6 spell levels left.
You didn't know any spells.
Your spell library contained the following spells:

 Spells                   Type           Power      Damage    Failure   Level
 Blink                    Tloc           0%         N/A       45%         2
 Manifold Assault         Tloc           0%         N/A       97%         4


Dungeon Overview and Level Annotations

Branches:
Dungeon (5/15)
 Temple: D:4-7

Altars:
Dithmenos
Fedhas
Yredelemnul

Annotations:
D:3 exclusion: oklob plant


Innate Abilities, Weirdness & Mutations

You are a hulking beast.
Your limbs bulge with bestial killing power. (Slay +2)
You cannot wear most types of armour.
You are amphibious.
You can wear up to eight rings at the same time.
Your skin changes colour to match your surroundings (Stealth+).
Your rubbery body absorbs attacks. (AC +1, EV +1)
((You are camouflaged when in or above water. (Stealth+)))
You have tentacles for arms and can constrict up to eight enemies at once.


Message History

You closely miss the orc warrior. You grab the orc warrior.
You tentacle-slap the orc warrior.
The orc warrior is lightly wounded.
You constrict the orc warrior. The orc priest hits you with a +0 mace.
The orc warrior hits you with a +0 short sword!
* * * LOW HITPOINT WARNING * * *
It was a potion of curing.
You feel better.
You constrict the orc warrior, but do no damage.
The orc priest hits you with a +0 mace.
* * * LOW HITPOINT WARNING * * *
The orc misses you.
The orc warrior struggles to escape constriction.
You barely miss the orc warrior.
The orc warrior is lightly wounded.
You constrict the orc warrior. The orc priest hits you with a +0 mace!
* * * LOW HITPOINT WARNING * * *
The orc closely misses you.
The orc warrior struggles to escape constriction.
You feel better.
You constrict the orc warrior, but do no damage.
The orc priest barely misses you.
The orc hits you with a +1 short sword of venom.
* * * LOW HITPOINT WARNING * * *
You are poisoned.
The orc warrior escapes!
You feel better.
The orc warrior hits you with a +0 short sword!
The orc priest hits you with a +0 mace.
* * * LOW HITPOINT WARNING * * *
The orc hits you but does no damage.
You are poisoned.
You tentacle-slap the orc warrior. You grab the orc warrior.
The orc warrior is moderately wounded.
You constrict the orc warrior.
You feel sick.
The orc hits you with a +1 short sword of venom.
* * * LOW HITPOINT WARNING * * *
You are more poisoned.
The orc priest calls down the wrath of Beogh upon you.
Pain shoots through your body!
You die...

#..##....#
#..##....#
#..$.....#
#........+
#........#
#........#
#........#
#..##....#
#oh###'###
#ooo.....#
#..#.....#
#..##....#
#..##....#
#...#....#
#...#....#
#...#<...#
#....#


You could see an orc warrior, an orc priest and 2 orcs.

Vanquished Creatures
  A black bear (D:4)
  3 scorpions
  An orc priest (D:4)
  An iguana (D:4)
  2 scorpion zombies (D:3)
  A hound zombie (D:3)
  5 adders
  3 worms
  2 dart slugs
  9 orcs
  4 endoplasms
  5 giant cockroaches
  7 goblins
  9 hobgoblins
  4 jackals
  6 quokkas
  6 ball pythons
  4 bats
  3 frilled lizards
  6 kobolds
  5 rats
87 creatures vanquished.

Notes
Turn   | Place    | Note
-------+----------+-------------------------------------------
     0 | D:1      | Ordine the Octopode Shapeshifter began the quest for the
                  | Orb.
     0 | D:1      | Reached XP level 1. HP: 13/13 MP: 1/1
   142 | D:1      | Reached XP level 2. HP: 18/18 MP: 2/2
   524 | D:1      | Reached skill level 1 in Stealth
   775 | D:2      | Reached XP level 3. HP: 23/23 MP: 3/3
  1435 | D:2      | Found a faded altar of an unknown god.
  1609 | D:3      | Reached XP level 4. HP: 21/28 MP: 4/4
  1656 | D:3      | Noticed a scorpion
  1663 | D:3      | Killed a scorpion
  1664 | D:3      | Reached skill level 4 in Unarmed Combat
  1664 | D:3      | Reached XP level 5. HP: 19/34 MP: 5/5
  1871 | D:3      | Found a blossoming altar of Fedhas.
  1936 | D:3      | Noticed an oklob plant
  2282 | D:3      | Found a basalt altar of Yredelemnul.
  2350 | D:3      | Reached XP level 6. HP: 34/39 MP: 6/6
  2680 | D:4      | Noticed a black bear
  2684 | D:4      | Killed a black bear
  2871 | D:4      | Reached skill level 5 in Unarmed Combat
  2954 | D:4      | Reached XP level 7. HP: 36/45 MP: 7/7
  3112 | D:4      | Found a shadowy altar of Dithmenos.
  3116 | D:4      | Became a worshipper of Dithmenos the Shadowed
  3280 | D:5      | Entered Level 5 of the Dungeon
  3464 | D:5      | Killed from afar by an orc priest

Illustrated notes

Levels and vault maps discovered:
D:1:      kennysheep_arrival_seaside, layout_basic
D:2:      layout_rooms, shapermc_ecumenical_altar_petra, grunt_decor_junction
D:3:      layout_loops_ring, nicolae_yredelemnul_corpse_copse, tgw_fedhas
D:4:      layout_basic, grunt_dithmenos_smoke_and_mirrors, serial_glass,
          glass_columns_a, glass_columns_a
D:5:      layout_gridville, nicolae_tso_carved_into_rock, lemuel_tele_altar

Skill      XL: |  1  2  3  4  5  6  7 |
---------------+----------------------+-----
Stealth        | 1 2 3 4 |  4.0
Unarmed Combat | 4 5 |  5.2
Fighting       | 2 3 |  3.0
Dodging        | 3 |  3.6
Shapeshifting  | 4 |  4.0

Action                     |  1- 3 |  4- 6 |  7- 9 || total
---------------------------+-------+-------+-------++-------
  Melee: Unarmed           |    89 |    73 |    18 ||   180
         Constrict         |    25 |    16 |     7 ||    48
         Tentacles         |    13 |    15 |     4 ||    32
         Punch             |     1 |       |     2 ||     3
    Use: Potion            |       |       |     3 ||     3
   Stab: Sleeping          |     6 |    10 |     2 ||    18
         Distracted        |       |     1 |       ||     1
 Armour: Skin              |    42 |    28 |    14 ||    84
  Dodge: Dodged            |    61 |    33 |     6 ||   100

Table legend: (Time is in decaauts)
 A = Elapsed time spent in this place.
 B = Non-inter-level travel time spent in this place.
 C = Inter-level travel time spent in this place.
 D = Time resting spent in this place.
 E = Time spent auto-exploring this place.
 F = Levels seen in this place.
 G = Mean time per level.
                   A        B        C        D        E       F      G
               +--------+--------+--------+--------+--------+-----+--------+
         Total |   3450 |   3155 |    295 |     50 |   2539 |   5 |  690.0 |
       Dungeon |   3450 |   3155 |    295 |     50 |   2539 |   5 |  690.0 |
               +--------+--------+--------+--------+--------+-----+--------+

Top non-repeatable levels by time:
     D:3: 1176 daAuts
     D:1: 812 daAuts
     D:2: 780 daAuts
     D:4: 540 daAuts
     D:5: 140 daAuts
